 Dungeon Crawl Stone Soup version 0.28-a0-533-g9f97627e2a (webtiles) character file.

Game seed: 7711311135883517491

134 speeev33 the Covered (level 5, -2/33 HPs)
             Began as a Gargoyle Fighter on Sept 25, 2021.
             Killed from afar by an orc wizard (5 damage)
             ... with a puff of flame
             ... on level 3 of the Dungeon.
             The game lasted 00:02:39 (2268 turns).

speeev33 the Covered (Gargoyle Fighter)             Turns: 2268, Time: 00:02:40

Health: -2/33      AC: 11    Str: 21    XL:     5   Next: 17%
Magic:  5/5        EV:  9    Int:  8    God:
Gold:   151        SH:  0    Dex:  9    Spells: 4/4 levels left

rFire   . . .      SeeInvis .   a - +1 flail
rCold   . . .      Faith    .   c - +0 buckler
rNeg    + . .      Spirit   .   b - +0 scale mail
rPois   ∞          Reflect  .   (no helmet)
rElec   +          Harm     .   (no cloak)
rCorr   .          Rampage  .   (no gloves)
Will    .....                   (no boots)
Stlth   ..........              (no amulet)
HPRegen 0.11/turn               (no ring)
MPRegen 0.09/turn               (no ring)

@: confused
A: sickness immunity, AC +4, negative energy resistance 1, electricity
resistance, torment resistance 1, petrification resistance
a: no special abilities


You were on level 3 of the Dungeon.
You visited 1 branch of the dungeon, and saw 3 of its levels.

You collected 151 gold pieces.

Inventory:

Hand Weapons
 a - a +1 flail (weapon)
Armour
 b - a +0 scale mail (worn)
 c - a +0 buckler (worn)
Jewellery
 n - an amulet of magic regeneration
Wands
 l - a wand of charming (5)
 o - a wand of acid (10)
Scrolls
 f - a scroll of immolation
 i - a scroll of summoning
 k - a scroll of vulnerability
Potions
 d - 2 potions of might
 e - a potion of brilliance {unknown}
 g - a potion of heal wounds {unknown}
 h - a potion of resistance {unknown}
 j - 2 potions of curing {unknown}
 m - 3 potions of haste


   Skills:
 + Level 4.2 Fighting
 + Level 3.1 Maces & Flails
 + Level 4.3 Armour
 - Level 4.0 Shields


You had 4 spell levels left.
You didn't know any spells.
Your spell library contained the following spells:

 Spells                   Type           Power      Damage    Failure   Level
 Conjure Flame            Conj/Fire      0%         6-21      98%         3
 Ignite Poison            Fire/Tmut/Pois 0%         N/A       98%         3
 Sticky Flame             Conj/Fire      0%         2d3       100%        4


Dungeon Overview and Level Annotations

Branches:
Dungeon (3/15)

Altars:
Ru


Innate Abilities, Weirdness & Mutations

You are immune to sickness and miasma.
Your stone body is resilient. (AC +4)
You are immune to poison.
You resist negative energy. (rN+)
You are resistant to electric shocks. (rElec)
You are resistant to unholy torment.
You are immune to petrification.


Message History

Your scale mail prevents you from hitting something.
Something hits you but does no damage.
You closely miss something.
You hear some strange, mumbled words.
A puff of flame appears from out of thin air!
The puff of flame misses you.
You miss something. Something hits you but does no damage.
You barely miss something. Something hits you but does no damage.
Something hits you.
You hit something. Something hits you but does no damage.
You completely miss something.
A frilled lizard comes into view.
You hear some strange, mumbled words.
A puff of flame appears from out of thin air!
The puff of flame hits you!
* * * LOW HITPOINT WARNING * * *
You miss something. Something hits you.
* * * LOW HITPOINT WARNING * * *
Your scale mail prevents you from hitting something.
Something hits you but does no damage. x2
You closely miss something. Something hits you but does no damage.
You closely miss something. Something hits you.
* * * LOW HITPOINT WARNING * * *
You thump something! Something hits you but does no damage.
Something hits you but does no damage.
An orc wizard appears from thin air!
Reactivating autopickup.
The orc wizard casts a spell at you. The magic dart hits you.
* * * LOW HITPOINT WARNING * * *
The orc wizard casts a spell.
The orc wizard flickers and vanishes!
Deactivating autopickup; reactivate with Ctrl-A.
Something tries to affect you, but you resist.
You are confused.
The frilled lizard hisses.
You bump into the rock wall.
A puff of flame appears from out of thin air!
The puff of flame hits you.
You die...

......###.......#
#.†............# .
#..#.##........# .## #
#....##........# ..# #
#.##.#<##........#
#.#.#
#).....##........#
##.#.
####..))..###.#### ...
###.######.##### #)#
###.....@....{lo####.#
#...........###......#
#.#.........# ########
.########.##.....##.#
............#.#)###.#
..####.##.#.#.#.###.#
#.##...........#
#.#..#.######...#
#.#.##.# #...#


You could see an orc and a frilled lizard.

Vanquished Creatures
  An orc priest (D:3)
  Robin (D:3)
  2 adders (D:2)
  A worm (D:2)
  A dart slug (D:2)
  2 orcs (D:3)
  An endoplasm (D:1)
  2 giant cockroaches
  10 goblins
  12 hobgoblins
  2 jackals (D:1)
  7 ball pythons
  9 bats
  2 frilled lizards (D:2)
  5 kobolds
  4 rats
62 creatures vanquished.

Notes
Turn   | Place    | Note
-------+----------+-------------------------------------------
     0 | D:1      | speeev33 the Gargoyle Fighter began the quest for the Orb.
     0 | D:1      | Reached XP level 1. HP: 14/14 MP: 1/1
    80 | D:1      | Found a faded altar of an unknown god.
   311 | D:1      | Reached XP level 2. HP: 19/19 MP: 2/2
   909 | D:2      | Reached XP level 3. HP: 23/23 MP: 3/3
  1280 | D:2      | Found a sacrificial altar of Ru.
  1311 | D:2      | Reached XP level 4. HP: 23/29 MP: 4/4
  1834 | D:3      | Noticed Robin
  1857 | D:3      | Killed Robin
  2236 | D:3      | Reached XP level 5. HP: 30/33 MP: 5/5
  2268 | D:3      | Killed from afar by an orc wizard

Illustrated notes

Levels and vault maps discovered:
D:1:      lightli_iron_boxes, layout_basic, hellmonk_ecumenical_altar_lost_god,
          hangedman_decor_diamond_cutter
D:2:      layout_basic, basic_altar, chequers_serial_rivers_room_b,
          minmay_tromino_v7
D:3:      layout_loops_cross, gammafunk_ghost_nasty_kobolds, uniq_robin

Skill      XL: |  1  2  3  4 |
---------------+-------------+-----
Shields        | 4 |  4.0
Armour         | 4 |  4.3
Fighting       | 4 |  4.2
Maces & Flails | 3 |  3.1

Action                   |  1- 3 |  4- 6 || total
-------------------------+-------+-------++-------
Melee: Flail             |   125 |    91 ||   216
  Use: Scroll            |     6 |     2 ||     8
Armor: Scale mail        |    75 |    66 ||   141
Dodge: Dodged            |    75 |    45 ||   120
Block: Buckler           |    32 |    27 ||    59

Table legend: (Time is in decaauts)
 A = Elapsed time spent in this place.
 B = Non-inter-level travel time spent in this place.
 C = Inter-level travel time spent in this place.
 D = Time resting spent in this place.
 E = Time spent auto-exploring this place.
 F = Levels seen in this place.
 G = Mean time per level.
                   A        B        C        D        E       F      G
               +--------+--------+--------+--------+--------+-----+--------+
         Total |   2331 |   2258 |     73 |    397 |   1329 |   3 |  777.0 |
       Dungeon |   2331 |   2258 |     73 |    397 |   1329 |   3 |  777.0 |
               +--------+--------+--------+--------+--------+-----+--------+

Top non-repeatable levels by time:
     D:2: 1087 daAuts
     D:1: 911 daAuts
     D:3: 332 daAuts
